 Dungeon Crawl Stone Soup version 0.30-a0-174-gbc10bd73c2 (webtiles) character file.

Game seed: 1509833786589942795

638 qw the Chopper (level 7, -1/43 HPs)
             Began as a Gargoyle Fighter on Oct 1, 2022.
             Slain by a gnoll
             ... wielding a +0 spear
             ... led by a gnoll bouda
              (8 damage)
             ... on level 4 of the Dungeon.
             The game lasted 00:00:59 (2920 turns).

qw the Chopper (Gargoyle Fighter)                   Turns: 2920, Time: 00:01:00

Health: -1/43      AC: 17    Str: 22    XL:     7   Next: 50%
Magic:  7/7        EV:  6    Int:  8    God:
Gold:   112        SH:  4    Dex:  9    Spells: 6/6 levels left

rFire   . . .      SeeInvis .    Y - +2 war axe (vorpal)
rCold   . . .      Faith    .    c - +0 buckler
rNeg    + . .      Spirit   .    e - +0 plate armour
rPois   inf        Reflect  .    (no helmet)
rElec   +          Harm     .    (no cloak)
rCorr   .          Rampage  .    a - +0 pair of gloves
Will    .....                    (no boots)
Stlth   ..........               (no amulet)
HPRegen 0.27/turn                (no ring)
MPRegen 0.10/turn                (no ring)

@: weakened
A: sickness immunity, AC +4, negative energy resistance 1, electricity
resistance, torment resistance 1, petrification resistance
a: no special abilities


You were on level 4 of the Dungeon.
You visited 1 branch of the dungeon, and saw 4 of its levels.

You collected 112 gold pieces.


Innate Abilities, Weirdness & Mutations

You are immune to sickness and miasma.
Your stone body is resilient. (AC +4)
You are immune to poison.
You resist negative energy. (rN+)
You are resistant to electric shocks. (rElec)
You are resistant to unholy torment.
You are immune to petrification.


   Skills:
 - Level 4.3 Fighting
 - Level 6.5 Axes
 - Level 1.3 Throwing
 + Level 3.9 Armour
 - Level 3.2 Shields


You had 6 spell levels left.
You didn't know any spells.
Your spell library was empty.

Inventory:

Hand Weapons
 n - a +0 flail
 Y - a +2 vorpal war axe (weapon)
Missiles
 k - 3 boomerangs
 m - 4 javelins (quivered)
Armour
 a - a +0 pair of gloves (worn)
 c - a +0 buckler (worn)
 e - a +0 plate armour (worn)
Jewellery
 h - a ring of ice
Scrolls
 b - a scroll of immolation {unknown}
 j - 5 scrolls of identify
Potions
 d - a potion of might
 o - a potion of curing

Dungeon Overview and Level Annotations

Branches:
Dungeon (4/15)
 Temple: D:4-7

Altars:


Message History

You hear a shout!
The gnoll barely misses you.
The gnoll hits you from afar with a +0 halberd.
The gnoll bouda gazes fiercely through you!
You feel as though you will be weak longer.
The gnoll bouda hits you with a +0 whip.
The orc hits you with a +0 hand axe. You block the orc's attack.
You slash the gnoll bouda!
The gnoll bouda is almost dead.
You hit the orc.
You kill the orc!
You barely miss the gnoll. You hit the orc but do no damage.
The gnoll is no longer moving quickly.
The gnoll barely misses you.
You block the gnoll's attack. x2; You block the gnoll bouda's attack.
The orc hits you but does no damage. The gnoll hits you but does no damage.
You slash the gnoll bouda!
You kill the gnoll bouda!
You barely miss the gnoll. You hit the orc. The gnoll barely misses you.
The gnoll hits you but does no damage. The orc hits you but does no damage.
The gnoll hits you from afar with a +0 spear.
You slash the orc!
You kill the orc!
You hit the gnoll.
The gnoll is no longer moving quickly.
The gnoll barely misses you.
The gnoll hits you from afar with a +0 spear.
The gnoll hits you with a +0 flail!
You closely miss the gnoll.
The gnoll is moderately wounded.
The gnoll is no longer moving quickly.
The gnoll hits you but does no damage.
The gnoll hits you from afar with a +0 spear.
The gnoll hits you but does no damage. You block the gnoll's attack.
You hit the gnoll.
The gnoll is almost dead.
You barely miss the hobgoblin.
The gnoll hits you from afar with a +0 spear.
The gnoll hits you with a +0 flail. The gnoll closely misses you.
The hobgoblin hits you but does no damage.
The gnoll hits you from afar with a +0 spear!
You die...

####..........# #.#
# #.....#.###.#.#
#.# .
#.##..#..<#........
. #.##.##.#####.###
#........... .#
##.#####.#### #
#......#'######
##..##.g......#
#..##.@.g....#
#..##))gg....#
#..##.....:...
#..##........#
#..##.......##
#..##.......#
#.......# #.#.###..


You could see 3 gnolls and a hobgoblin.

Vanquished Creatures
  Grinder (D:4)
  Sigmund (D:3)
  A scorpion (D:4)
  A gnoll bouda (D:4)
  Natasha (D:3)
  Terence (D:2)
  An orc wizard (D:3)
  2 gnolls (D:4)
  5 adders
  2 dart slugs (D:2)
  11 orcs
  6 ball pythons
  3 endoplasms
  A giant cockroach (D:1)
  5 goblins
  7 hobgoblins
  7 jackals (D:1)
  3 kobolds
  A quokka (D:1)
  4 bats
  4 frilled lizards
68 creatures vanquished.

Notes
Turn   | Place    | Note
-------+----------+-------------------------------------------
     0 | D:1      | qw the Gargoyle Fighter began the quest for the Orb.
     0 | D:1      | Reached XP level 1. HP: 14/14 MP: 1/1
     0 | D:1      | 0 ||| qw: Version: 0.2-a-13-gfc7b4b4
     0 | D:1      | 0 ||| qw: Game counter: 1882
     0 | D:1      | 0 ||| qw: Always use a shield: true
     0 | D:1      | 0 ||| qw: God list: Okawaru
     0 | D:1      | 0 ||| qw: Allow faded altars: false
     0 | D:1      | 0 ||| qw: Do Orc after D:15 true
     0 | D:1      | 0 ||| qw: Do second Lair branch before Depths: true
     0 | D:1      | 0 ||| qw: Lair rune preference: random
     0 | D:1      | 0 ||| qw: Plans: Normal, Zot:1-4, God:TSO, Crypt, Tomb,
                  | Pan, Slime:5, Hells, Abyss, Orb
     0 | D:1      | 0 ||| PLANNING D:1-11
    60 | D:1      | Reached skill level 2 in Axes
   112 | D:1      | Reached XP level 2. HP: 19/19 MP: 2/2
   212 | D:1      | 212 ||| SWAPPING to +1 vorpal war axe.
   213 | D:1      | 213 ||| DROPPING +0 war axe.
   302 | D:1      | Found a faded altar of an unknown god.
   398 | D:1      | 398 ||| Stepping ~*~*~tactically~*~*~ (stealth).
   400 | D:1      | 400 ||| Stepping ~*~*~tactically~*~*~ (stealth).
   402 | D:1      | 402 ||| Stepping ~*~*~tactically~*~*~ (stealth).
   445 | D:1      | Reached skill level 3 in Axes
   607 | D:1      | Reached XP level 3. HP: 23/23 MP: 3/3
   832 | D:1      | 832 ||| UPGRADING to +0 pair of gloves.
   837 | D:1      | 837 ||| UPGRADING to +0 plate armour.
   847 | D:1      | 847 ||| DROPPING +0 scale mail.
   848 | D:1      | 848 ||| READING scroll labelled IWUPPIHEEWK.
   849 | D:1      | 849 ||| READING scroll labelled BIUNALYNWIO.
   896 | D:2      | Reached skill level 1 in Throwing
   939 | D:2      | 939 ||| DROPPING +0 club.
   985 | D:2      | 985 ||| Stepping ~*~*~tactically~*~*~ (stealth).
   987 | D:2      | 987 ||| Stepping ~*~*~tactically~*~*~ (hiding).
  1447 | D:2      | Noticed Terence
  1452 | D:2      | Killed Terence
  1453 | D:2      | Reached XP level 4. HP: 28/28 MP: 4/4
  1647 | D:2      | 1647 ||| READING scroll labelled WATUTIPESCH.
  1652 | D:2      | 1652 ||| READING scroll labelled TINGEJ GAUC.
  1653 | D:2      | 1653 ||| DRINKING 2 viscous clear potions.
  1654 | D:2      | 1654 ||| DRINKING 2 smoky white potions.
  1655 | D:2      | 1655 ||| DRINKING 2 green potions.
  1656 | D:2      | 1656 ||| DROPPING potion of flight.
  1670 | D:2      | 1670 ||| Stepping ~*~*~tactically~*~*~ (stealth).
  1672 | D:2      | 1672 ||| Stepping ~*~*~tactically~*~*~ (stealth).
  1685 | D:2      | 1685 ||| READING scroll labelled TOCREI GA KES.
  1869 | D:3      | Reached skill level 4 in Axes
  1874 | D:3      | 1874 ||| Stepping ~*~*~tactically~*~*~ (stealth).
  1875 | D:3      | 1875 ||| Stepping ~*~*~tactically~*~*~ (stealth).
  1948 | D:3      | 1948 ||| Stepping ~*~*~tactically~*~*~ (stealth).
  1951 | D:3      | 1951 ||| Stepping ~*~*~tactically~*~*~ (stealth).
  1952 | D:3      | 1952 ||| Stepping ~*~*~tactically~*~*~ (stealth).
  1953 | D:3      | 1953 ||| Stepping ~*~*~tactically~*~*~ (stealth).
  2009 | D:3      | 2009 ||| FLEEEEING.
  2010 | D:3      | 2010 ||| FLEEEEING.
  2011 | D:3      | 2011 ||| FLEEEEING.
  2024 | D:3      | 2024 ||| DRINKING potion of curing.
  2024 | D:3      | 2024 ||| (to cure confusion)
  2049 | D:3      | Reached XP level 5. HP: 25/32 MP: 5/5
  2089 | D:3      | 2089 ||| DROPPING +0 whip.
  2104 | D:3      | Noticed Sigmund
  2107 | D:3      | 2107 ||| Stepping ~*~*~tactically~*~*~ (hiding).
  2111 | D:3      | HP: 2/32 [Sigmund/+5 scythe of protection (14)]
  2112 | D:3      | 2112 ||| DRINKING 2 potions of heal wounds.
  2116 | D:3      | Killed Sigmund
  2117 | D:3      | Reached skill level 5 in Axes
  2117 | D:3      | Reached XP level 6. HP: 13/37 MP: 6/6
  2248 | D:3      | Noticed Natasha
  2257 | D:3      | Killed Natasha
  2725 | D:3      | 2725 ||| DROPPING ring of flight.
  2726 | D:3      | 2726 ||| READING scroll labelled GEISIKL JILI.
  2727 | D:3      | 2727 ||| READING scroll labelled WAPOXIALEMO.
  2728 | D:3      | 2728 ||| DRINKING 2 viscous sapphire potions.
  2729 | D:3      | 2729 ||| DROPPING potion of brilliance.
  2757 | D:4      | 2757 ||| PLANNING OSSUARY
  2761 | D:4      | Noticed Grinder
  2762 | D:4      | 2762 ||| Stepping ~*~*~tactically~*~*~ (stealth).
  2783 | D:4      | Killed Grinder
  2784 | D:4      | Reached skill level 6 in Axes
  2784 | D:4      | Reached XP level 7. HP: 31/43 MP: 7/7
  2909 | D:4      | HP: 8/43 [gnoll bouda/+0 whip (9)]
  2910 | D:4      | 2910 ||| DRINKING potion of heal wounds.
  2919 | D:4      | HP: 9/43 [gnoll/+0 spear[a gnoll bouda] (3)]
  2920 | D:4      | Slain by a gnoll

Levels and vault maps discovered:
D:1:      wander_arrival_lonely_grave, layout_basic,
          shapermc_ecumenical_altar_gd, minmay_fountain_box,
          chequers_serial_rivers_micro_b, hangedman_decor_push
D:2:      layout_basic, hangedman_decor_growths, serial_bayou_pond_d,
          minmay_tetromino_l2, uniq_terence
D:3:      layout_basic, chequers_serial_rivers_large_a,
          hangedman_abyss_or_decor_lesser_grid, kennysheep_generic_room_16,
          uniq_natasha, uniq_sigmund
D:4:      layout_basic, enter_ossuary_1, uniq_edmund, uniq_pikel, uniq_grinder

Skill      XL: |  1  2  3  4  5  6 |
---------------+-------------------+-----
Axes           | 2 3 4 5 6 |  6.5
Throwing       | 1 |  1.3
Fighting       | 4 |  4.3
Armour         | |  3.9
Shields        | |  3.2

Action                   |  1- 3 |  4- 6 |  7- 9 || total
-------------------------+-------+-------+-------++-------
Melee: War axe           |    56 |    95 |    19 ||   170
Throw: Javelin           |    30 |    15 |     1 ||    46
  Use: Scroll            |     2 |     5 |       ||     7
       Potion            |       |     6 |     1 ||     7
Armor: Scale mail        |    17 |       |       ||    17
       Plate armour      |     7 |    78 |    25 ||   110
Dodge: Dodged            |    20 |    27 |    20 ||    67
Block: Buckler           |     9 |    27 |    11 ||    47

Table legend:
 A = Non-vault XP
 B = Vault XP
 C = Vault XP percentage of total XP
 D = Non-vault monster count
 E = Vault monster count
 F = Vault count percentage of total count
                 A         B        C        D         E       F
            +---------+---------+-------+---------+---------+-------
      Total |     355 |     557 |  61.1 |      61 |       7 |  10.3
            +---------+---------+-------+---------+---------+-------
        D:1 |      43 |       0 |   0.0 |      25 |       0 |   0.0
        D:2 |      32 |      41 |  56.2 |      10 |       3 |  23.1
        D:3 |      86 |     249 |  74.3 |      14 |       3 |  17.6
        D:4 |     194 |     267 |  57.9 |      12 |       1 |   7.7
            +---------+---------+-------+---------+---------+-------
